 Dungeon Crawl Stone Soup version 0.28.0-53-g5a82cb258f (webtiles) character file.

Game seed: 9558498861375165978

63 Sin92 the Skirmisher (level 3, -4/29 HPs)
             Began as a Demonspawn Fighter on June 7, 2022.
             Slain by a gnoll
             ... wielding a +0 spear
              (5 damage)
             ... on level 2 of the Dungeon.
             The game lasted 00:01:39 (1002 turns).

Sin92 the Skirmisher (Demonspawn Fighter)           Turns: 1002, Time: 00:01:40

Health: -4/29      AC:  6    Str: 16    XL:     3   Next: 89%
Magic:  3/3        EV:  9    Int:  9    God:
Gold:   26         SH:  5    Dex: 14    Spells: 2/2 levels left

rFire   . . .      SeeInvis .   a - +0 trident
rCold   . . .      Faith    .   c - +0 buckler
rNeg    . . .      Spirit   .   b - +0 scale mail
rPois   .          Reflect  .   (no helmet)
rElec   .          Harm     .   (no cloak)
rCorr   .          Rampage  .   (no gloves)
Will    .....                   (no boots)
Stlth   ..........              (no amulet)
HPRegen 0.09/turn               (no ring)
MPRegen 0.16/turn               (no ring)

@: no status effects
A: magic regeneration, weakness stinger 1
a: no special abilities


You were on level 2 of the Dungeon.
You visited 1 branch of the dungeon, and saw 2 of its levels.

You collected 26 gold pieces.

Inventory:

Hand Weapons
 a - a +0 trident (weapon)
Armour
 b - a +0 scale mail (worn)
 c - a +0 buckler (worn)
 g - a +0 cloak
Jewellery
 f - a ring of willpower
Scrolls
 e - a scroll of teleportation {unknown}
 h - a scroll of magic mapping {unknown}
Potions
 d - a potion of might


   Skills:
 + Level 3.3 Fighting
 * Level 2.6 Polearms
 + Level 3.1 Armour
 + Level 1.0 Dodging
 + Level 3.0 Shields


You had 2 spell levels left.
You didn't know any spells.
Your spell library was empty.

Dungeon Overview and Level Annotations

Branches:
Dungeon (2/15)

Altars:


Innate Abilities, Weirdness & Mutations

You regenerate magic rapidly.
You have a small tail.


Message History

The gnoll closely misses you.
There are monsters nearby!
You hit the gnoll.
The gnoll is heavily wounded.
The gnoll barely misses you.
The gnoll hits you from afar with a +0 spear.
The gnoll barely misses you.
There are monsters nearby!
You hit the gnoll.
The gnoll is severely wounded.
The gnoll closely misses you. You block the gnoll's attack.
The gnoll hits you but does no damage.
The gnoll hits you with a +0 flail of protection!
There are monsters nearby!
You hit the gnoll. You tail-slap the gnoll.
You kill the gnoll!
The gnoll closely misses you. x2; The gnoll barely misses you.
Your Dodging skill increases to level 1!
Unknown command.
You reach to attack!
You hit the gnoll.
The gnoll is heavily wounded.
The gnoll hits you from afar with a +0 spear. x2
* * * LOW HITPOINT WARNING * * *
The gnoll hits you but does no damage.
Unknown command.
You are too injured to fight recklessly!
Unknown command.
You are too injured to fight recklessly!
Unknown command.
You are too injured to fight recklessly!
Unknown command.
You are too injured to fight recklessly!
The gnoll hits you with a +0 spear.
* * * LOW HITPOINT WARNING * * *
The gnoll barely misses you.
Things that are here:
a +0 flail of protection; a +2 flail of draining You closely miss the gnoll.
You block the gnoll's attack. The gnoll hits you with a +0 spear.
You die...

# #+# .### #.# ...
#.# #.. ##.## #w#
##...##
##g####.....#
#.g@........#####.#
#..#######....)....#
## #.######### #.#
#.# #.# #.# #.#
####.########


You could see 2 gnolls and a dart slug.

Vanquished Creatures
  3 gnolls
  A dart slug (D:1)
  A giant cockroach (D:1)
  5 goblins
  2 hobgoblins (D:1)
  6 jackals
  2 quokkas (D:1)
  3 bats (D:1)
  3 frilled lizards
  3 kobolds
  3 rats
32 creatures vanquished.

Notes
Turn   | Place    | Note
-------+----------+-------------------------------------------
     0 | D:1      | Sin92 the Demonspawn Fighter began the quest for the Orb.
     0 | D:1      | Reached XP level 1. HP: 18/18 MP: 1/1
   174 | D:1      | Gained mutation: You have a small tail. [demonic ancestry]
   174 | D:1      | Reached XP level 2. HP: 15/24 MP: 2/2
   635 | D:1      | Gained mutation: You regenerate magic rapidly. [demonic
                  | ancestry]
   635 | D:1      | Reached XP level 3. HP: 10/29 MP: 3/3
  1000 | D:2      | Reached skill level 1 in Dodging
  1001 | D:2      | HP: 1/29 [gnoll/+0 spear (5)]
  1002 | D:2      | Slain by a gnoll

Illustrated notes

Levels and vault maps discovered:
D:1:      dpeg_arrival_three_same_balls, layout_rooms
D:2:      layout_loops_corners, shapermc_ecumenical_altar_mp_vishouse,
          minivault_19, grunt_ministairs_2

Skill      XL: |  1  2  3 |
---------------+----------+-----
Polearms       | 2 |  2.6
Armour         | 3 |  3.1
Shields        | 3 |  3.0
Dodging        | 1 |  1.0
Fighting       | |  3.3

Action                   || total
-------------------------++-------
Melee: Trident           ||   101
       Tailslap          ||     9
Armor: Scale mail        ||    43
Dodge: Dodged            ||    51
Block: Buckler           ||    27
